 Dungeon Sprint DCSS version 0.15.0 (webtiles) character file.

205 Iskender the Martial Artist (level 5, 0/27 HPs)
             Began as a Vine Stalker Monk on Aug 29, 2014.
             Was a Believer of Qazlal.
             Slain by a yak (4 damage)
             ... in the Dungeon (Sprint I: "Red Sonja").
             The game lasted 00:01:41 (160 turns).

Iskender the Martial Artist (Vine Stalker Monk)      Turns: 160, Time: 00:01:41

HP   0/27        AC  2     Str 13      XL: 5   Next: 83%
MP   0/7         EV 13     Int 10      God: Qazlal [**....]
Gold 305         SH  2     Dex 18      Spells:  0 memorised,  4 levels left

rFire  . . .     SeeInvis .       - Unarmed
rCold  . . .     Clarity  .     a - +0 robe
rNeg   . . .     rCorr    .     (no shield)
rPois  .         rRot     +     (no helmet)
rElec  .         Spirit   +     (no cloak)
SustAb .         Warding  .     (no gloves)
rMut   .         NoTele   +     (no boots)
Gourm  .                        (no amulet)
MR     .....                    (no ring)
                                (no ring)

@: not resistant to hostile enchantments, unstealthy
A: fangs 2, regeneration 1, magic shield, antimagic bite, no device heal 3, rot
immunity
a: Upheaval, Renounce Religion


You were in the Dungeon.
You worshipped Qazlal.
Qazlal was pleased with you.
You were not hungry.

You visited 1 branch You collected 305 gold pieces.

Inventory:

Armour
 a - a +0 robe (worn)
 g - a +0 chain mail
Comestibles
 b - a bread ration
Scrolls
 d - a scroll of identify {unknown}
 h - a scroll of blinking
Potions
 c - a potion of curing
 e - a potion of haste
 f - 2 potions of magic


   Skills:
 - Level 2.6 Fighting
 - Level 2.4 Dodging
 - Level 2.4 Stealth
 + Level 11.9 Unarmed Combat
 * Level 0.0 Invocations


You had 4 spell levels left.
You didn't know any spells.

Dungeon Overview and Level Annotations

Branches:
Dungeon (1/1)

Altars:
Elyvilon
Kikubaaqudgha
Makhleb
Nemelex Xobeh
Okawaru
Qazlal
Sif Muna
Trog
Vehumet
Xom
Yredelemnul
Zin
The Shining One

Shops:
D [


Innate Abilities, Weirdness & Mutations

You have extremely sharp teeth.
Your natural rate of healing is unusually fast.
When hurt, damage is shared between your health and your magic reserves.
Your bite disrupts and absorbs the magic of your enemies.
Potions and wands cannot restore your health.
You are immune to rotting.


Message History

You hit the yak but do no damage.
The yak is heavily wounded.
The yak closely misses you.
You hit the yak but do no damage.
The yak is heavily wounded.
The yak gores you!
Ouch! That really hurt!
* * * LOW HITPOINT WARNING * * *
You barely miss the yak. You bite the yak, but do no damage.
The yak is heavily wounded.
The yak gores you.
* * * LOW HITPOINT WARNING * * *
There is a glowing golden altar of the Shining One here.
The yak barely misses you.
There is a white marble altar of Elyvilon here.
The yak gores you.
* * * LOW HITPOINT WARNING * * *
There is a sparkling altar of Nemelex Xobeh here.
The yak gores you.
You die...

################
#<.#.%').#.)'..#
#..'..#..'..#..+
#..#####'#####'#
#..####..#...#.#
#..#_.####..##.#
#..#_..._##'#..+
#⌠⌠#_.∩...'..._#
####_.Y@_##_.#'#
#_____###+#.#
####### ###


You could see a yak.

Vanquished Creatures
  An ogre (D)
  Sigmund (D)
  A jelly (D)
  Ijyb (D)
4 creatures vanquished.

Vanquished Creatures (others)
  A gargoyle (D)
1 creature vanquished.

Grand Total: 5 creatures vanquished

Notes
Turn   | Place    | Note
--------------------------------------------------------------
     0 | D        | Iskender, the Vine Stalker Monk, began the quest for the Orb.
     0 | D        | Reached XP level 1. HP: 11/11 MP: 1/1
     1 | D        | Noticed Ijyb
     9 | D        | Killed Ijyb
     9 | D        | Reached skill level 6 in Unarmed Combat
     9 | D        | Reached XP level 2. HP: 16/16 MP: 3/3
    10 | D        | Noticed an ogre
    12 | D        | Killed an ogre
    12 | D        | Reached skill level 9 in Unarmed Combat
    12 | D        | Reached XP level 3. HP: 19/19 MP: 4/4
    12 | D        | Reached XP level 4. HP: 23/23 MP: 5/5
    35 | D        | Noticed Sigmund
    43 | D        | Killed Sigmund
    43 | D        | Reached skill level 11 in Unarmed Combat
    43 | D        | Reached XP level 5. HP: 9/27 MP: 4/7
    70 | D        | Found a deep blue altar of Sif Muna.
   104 | D        | Noticed a jelly
   105 | D        | Found a radiant altar of Vehumet.
   111 | D        | Killed a jelly
   139 | D        | Found Xorionuz's Antique Armour Emporium.
   139 | D        | Found a white marble altar of Elyvilon.
   139 | D        | Found a stormy altar of Qazlal.
   139 | D        | Found a burning altar of Makhleb.
   139 | D        | Found a basalt altar of Yredelemnul.
   139 | D        | Found a glowing golden altar of the Shining One.
   139 | D        | Found a sparkling altar of Nemelex Xobeh.
   139 | D        | Found a shimmering altar of Xom.
   139 | D        | Found an ancient bone altar of Kikubaaqudgha.
   139 | D        | Found a glowing silver altar of Zin.
   139 | D        | Noticed a yak
   141 | D        | Found an iron altar of Okawaru.
   142 | D        | Killed a gargoyle
   143 | D        | Found a bloodstained altar of Trog.
   145 | D        | Became a worshipper of Qazlal Stormbringer
   145 | D        | Acquired Qazlal's first power
   145 | D        | Acquired Qazlal's second power
   160 | D        | Slain by a yak

Action                   |  1- 3 |  4- 6 || total
-------------------------+-------+-------++-------
Melee: Unarmed           |     5 |    16 ||    21
  Use: Potion            |     1 |       ||     1
 Stab: Sleeping          |       |     1 ||     1
